 Dungeon Crawl Stone Soup version 0.25.0-9-g26727b657a (webtiles) character file.

Game seed: 951894334468823240

984 Delamore the Basher (level 8, -9/46 HPs)
             Began as a Gargoyle Fighter on June 17, 2020.
             Was an Initiate of Okawaru.
             Mangled by an orc warrior
             ... wielding a +0 glaive
              (11 damage)
             ... on level 6 of the Dungeon.
             The game lasted 00:05:54 (5930 turns).

Delamore the Basher (Gargoyle Fighter)              Turns: 5930, Time: 00:05:55

Health: -9/46      AC: 18    Str: 22    XL:     8   Next: 17%
Magic:  17/17      EV:  5    Int:  9    God:    Okawaru [......]
Gold:   299        SH: 10    Dex:  9    Spells: 7/7 levels left

rFire    . . .     SeeInvis .   a - +0 flail
rCold    . . .     Gourm    .   c - +1 kite shield
rNeg     + . .     Faith    .   u - +0 chain mail
rPois    ∞         Spirit   .   (no helmet)
rElec    +         Reflect  .   (no cloak)
rCorr    .         Harm     .   (no gloves)
MR       .....                  (no boots)
Stlth    ..........             (no amulet)
HPRegen  0.15/turn              g - +4 ring of protection
MPRegen  0.15/turn              D - ring of magical power

@: brilliant, flying
A: negative energy resistance 1, electricity resistance, unbreathing,
petrification resistance, rot immunity, AC +5
a: Renounce Religion


You were on level 6 of the Dungeon.
You worshipped Okawaru.
Okawaru was noncommittal.
You were not hungry.

You visited 2 branches of the dungeon, and saw 7 of its levels.

You collected 299 gold pieces.

Inventory:

Hand Weapons
 a - a +0 flail (weapon)
Missiles
 e - 6 curare-tipped darts (quivered)
Armour
 b - a +0 scale mail
 c - a +1 kite shield (worn)
 u - a +0 chain mail (worn)
Jewellery
 g - a +4 ring of protection (left hand)
 D - a ring of magical power (right hand)
Wands
 o - a wand of acid (12)
Scrolls
 h - a scroll of random uselessness
 i - a scroll of enchant weapon {unknown}
 k - a scroll of teleportation
 m - a scroll of immolation
 p - a scroll of fog
 r - 4 scrolls of fear
 y - a scroll of identify
Potions
 d - a potion of might
 j - a potion of haste
 l - a potion of stabbing {unknown}
 n - a potion of flight
 q - a potion of ambrosia
 s - a potion of lignification {unknown}
 t - a potion of degeneration {unknown}
 w - 2 potions of curing
 x - a potion of mutation {unknown}
 z - a potion of brilliance
 A - a potion of cancellation {unknown}
Comestibles
 f - 4 rations


   Skills:
 - Level 3.2 Fighting
 + Level 9.4 Maces & Flails
 - Level 3.2 Armour
 - Level 3.2 Shields


You had 7 spell levels left.
You didn't know any spells.
Your spell library was empty.

Dungeon Overview and Level Annotations

Branches:
Dungeon (6/15)             Temple (1/1) D:5

Altars:
Ashenzari
Cheibriados
Elyvilon
Fedhas
Gozag
Hepliaklqana
Kikubaaqudgha
Nemelex Xobeh
Okawaru
Ru
Sif Muna
Trog
Vehumet
Wu Jian
Xom
Zin
The Shining One


Innate Abilities, Weirdness & Mutations

You are resistant to torment.
Your stone body is resilient. (AC +5)
You are immune to poison.
You resist negative energy. (rN+)
You are resistant to electric shocks. (rElec)
You can survive without breathing.
You are immune to petrification.
You are immune to rotting.


Message History

You are too injured to fight recklessly!
You are too injured to fight recklessly!
You are too injured to fight recklessly!
You are too injured to fight recklessly!
Your shield and chain mail prevent you from hitting the orc warrior.
The orc warrior is lightly wounded.
The orc warrior hits you with a +0 glaive!!
* * * LOW HITPOINT WARNING * * *
It was a potion of flight.
You feel very buoyant.
You fly up into the air.
The orc priest calls upon Beogh to heal the orc warrior.
The orc warrior's wounds heal themselves!
It was a potion of curing.
You feel better.
The orc warrior hits you with a +0 glaive!
* * * LOW HITPOINT WARNING * * *
It was a potion of brilliance.
You feel clever all of a sudden.
The orc warrior hits you with a +0 glaive!
You die...

# .# ##### .#
...# ..
###.####.####
#.....@o....#
#.###.#)###o.####
#..(......#..#
#####.#)#.#..#
#.#.#.#..# #
#.#.#..# #.#.#..#
#.#.#..# #.#.#..#


You could see an orc warrior and an orc priest.

Vanquished Creatures
  2 ogres (D:4)
  2 scorpions
  3 howler monkeys
  2 crimson imps (D:5)
  2 hounds
  A bullfrog zombie (D:5)
  5 orc priests
  An orc wizard (D:3)
  A centaur skeleton (D:4)
  An iguana (D:4)
  Ijyb (D:5)
  A worker ant (D:4)
  2 hound skeletons (D:4)
  4 adders (D:3)
  2 oozes
  A worm (D:2)
  2 dart slugs
  A leopard gecko (D:3)
  18 orcs
  6 bats
  4 giant cockroaches
  7 hobgoblins
  6 jackals
  5 kobolds
  3 quokkas (D:3)
  A ball python (D:4)
  4 frilled lizards
  6 goblins
  7 rats
101 creatures vanquished.

Notes
Turn   | Place    | Note
-------+----------+-------------------------------------------
     0 | D:1      | Delamore the Gargoyle Fighter began the quest for the Orb.
     0 | D:1      | Reached XP level 1. HP: 14/14 MP: 1/1
   301 | D:1      | Reached XP level 2. HP: 19/19 MP: 2/2
   370 | D:1      | Reached skill level 3 in Maces & Flails
   998 | D:2      | Found a shattered altar of Ashenzari.
  1040 | D:2      | Reached XP level 3. HP: 23/23 MP: 3/3
  1124 | D:2      | Found a sacrificial altar of Ru.
  1630 | D:3      | Reached skill level 4 in Maces & Flails
  1635 | D:3      | Reached XP level 4. HP: 28/28 MP: 4/4
  1680 | D:3      | Found a faded altar of an unknown god.
  1865 | D:3      | Found a shimmering blue altar of Sif Muna.
  2352 | D:4      | Reached skill level 5 in Maces & Flails
  2352 | D:4      | Reached XP level 5. HP: 32/32 MP: 5/5
  2363 | D:4      | Noticed an ogre
  2603 | D:3      | Reached skill level 6 in Maces & Flails
  2603 | D:3      | Reached XP level 6. HP: 25/37 MP: 6/6
  3142 | D:4      | Reached skill level 7 in Maces & Flails
  3222 | D:4      | Reached XP level 7. HP: 9/41 MP: 7/7
  3507 | D:4      | Found a snail-covered altar of Cheibriados.
  3517 | D:4      | Reached skill level 8 in Maces & Flails
  3781 | D:4      | Found a hazy altar of Hepliaklqana.
  3882 | D:4      | Found a glowing silver altar of Zin.
  4346 | D:5      | Entered Level 5 of the Dungeon
  4374 | D:5      | Found a staircase to the Ecumenical Temple.
  4383 | Temple   | Entered the Ecumenical Temple
  4543 | Temple   | Became a worshipper of Warmaster Okawaru
  4855 | D:5      | Noticed Ijyb
  4859 | D:5      | Paralysed by Ijyb for 2 turns
  4865 | D:5      | Paralysed by Ijyb for 6 turns
  4881 | D:5      | Killed Ijyb
  5139 | D:5      | Reached skill level 9 in Maces & Flails
  5145 | D:5      | Reached XP level 8. HP: 46/46 MP: 8/8
  5284 | D:5      | Found a blossoming altar of Fedhas.
  5927 | D:6      | HP: 1/46 [orc warrior/+0 glaive (19)]
  5930 | D:6      | Mangled by an orc warrior

Illustrated notes

Levels and vault maps discovered:
D:1:      ebering_hopf_link, layout_basic
D:2:      layout_rooms, overflow_temple_1_default, nicolae_ru_awakened_eye,
          first_ration, minmay_misc_feat_x
D:3:      layout_basic, nicolae_overflow_crystal_walls,
          chequers_ecumenical_altar_simple, corexii_corridor_pit
D:4:      layout_loops_ring, lemuel_crystal_altar, old_standard_altar,
          overflow_temple_1_default
D:5:      layout_layer_cave, nicolae_overflow_hidden_temple,
          minmay_temple_entry_proselytizer, kennysheep_generic_room_15,
          uniq_ijyb
D:6:      layout_basic, lemuel_coloured_pillars_altar,
          lemuel_zombie_altar_yredelemnul, serial_bayou_pond_d,
          minmay_a_box_with_orc_wizards_in_it
Temple:   compressed_dpeg_circular_temple

Skill      XL: |  1  2  3  4  5  6  7 |
---------------+----------------------+-----
Maces & Flails | 3 4 5 6 7 9 |  9.4
Fighting       | |  3.2
Armour         | |  3.2
Shields        | |  3.2

Action                   |  1- 3 |  4- 6 |  7- 9 || total
-------------------------+-------+-------+-------++-------
Melee: Flail             |   125 |   232 |   131 ||   488
Throw: Dart              |       |     1 |       ||     1
Evoke: Wand              |       |       |     2 ||     2
  Use: Scroll            |       |     7 |     2 ||     9
       Potion            |       |     2 |     3 ||     5
  Eat: Chunk             |     2 |     6 |     3 ||    11
       Ration            |       |       |     2 ||     2
Armor: Scale mail        |    78 |    16 |       ||    94
       Chain mail        |       |   157 |    93 ||   250
Dodge: Dodged            |    33 |    63 |    19 ||   115
Block: Kite shield       |    52 |   152 |    53 ||   257
